 Dungeon Crawl Stone Soup version 0.29-a0-231-g945431f764 (webtiles) character file.

Game seed: 16050467532170435271

63 YayAnonymity the Slasher (level 3, -1/29 HPs)
             Began as a Draconian Gladiator on Feb 28, 2022.
             Slain by a jackal (2 damage)
             ... on level 3 of the Dungeon.
             The game lasted 00:03:20 (2084 turns).

YayAnonymity the Slasher (Draconian Gladiator)      Turns: 2084, Time: 00:03:20

Health: -1/29      AC:  5    Str: 18    XL:     3   Next: 89%
Magic:  3/3        EV: 12    Int:  8    God:
Gold:   99         SH:  0    Dex: 12    Spells: 2/2 levels left

rFire   . . .      SeeInvis .   a - +0 long sword
rCold   . . .      Faith    .   (no shield)
rNeg    . . .      Spirit   .   (body armour unavailable)
rPois   .          Reflect  .   b - +0 hat
rElec   .          Harm     .   (no cloak)
rCorr   .          Rampage  .   (no gloves)
Will    .....                   (no boots)
Stlth   +.........              (no amulet)
HPRegen 0.09/turn               (no ring)
MPRegen 0.08/turn               (no ring)

@: attractive
A: AC +5, unfitting armour, cold-blooded
a: no special abilities


You were on level 3 of the Dungeon.
You visited 1 branch of the dungeon, and saw 3 of its levels.

You collected 99 gold pieces.

Inventory:

Hand Weapons
 a - a +0 long sword (weapon)
Missiles
 c - 3 throwing nets
 h - 6 poisoned darts (quivered)
Armour
 b - a +0 hat (worn)
Scrolls
 d - a scroll of teleportation {unknown}
 e - 2 scrolls of blinking {unknown}
 g - 5 scrolls of identify {unknown}
 i - a scroll of enchant armour {unknown}
 j - a scroll of fear {unknown}
 l - a scroll of torment {unknown}


   Skills:
 - Level 2.1 Fighting
 * Level 4.3 Long Blades
 - Level 1.7 Throwing
 + Level 3.3 Dodging


You had 2 spell levels left.
You didn't know any spells.
Your spell library contained the following spells:

 Spells                   Type           Power      Damage    Failure   Level
 Magic Dart               Conj           0%         1d3       41%         1
 Corpse Rot               Necr/Air       0%         N/A       54%         2
 Poisonous Vapours        Pois/Air       0%         N/A       54%         2
 Searing Ray              Conj           0%         2d4       54%         2
 Tukima's Dance           Hex            0%         N/A       78%         3
 Fulminant Prism          Conj/Hex       0%         3d6       99%         4
 Passage of Golubria      Tloc           0%         N/A       99%         4
 Yara's Violent Unravell  Hex/Tmut       0%         3d3       100%        5


Dungeon Overview and Level Annotations

Branches:
Dungeon (3/15)

Altars:
Cheibriados

Annotations:
D:3 2 runed translucent doors


Innate Abilities, Weirdness & Mutations

Your plain brown scales are hard. (AC +5)
You cannot fit into any form of body armour.
You are cold-blooded and may be slowed by cold attacks.


Message History

Throw: 8 darts (poison)
Press: ? - help, Q - select action, (/) - cycle Shift-Dir - straight line, f/p - water moccasin
Aim: a water moccasin (moderately wounded, poisoned, 38% to hit)
You throw a poisoned dart.
The poisoned dart closely misses the water moccasin.
The poisoned dart misses the goblin.
The water moccasin bites you. The jackal bites you.
* * * LOW HITPOINT WARNING * * *
The water moccasin closely misses you.
Throw: 7 darts (poison)
Press: ? - help, Q - select action, (/) - cycle Shift-Dir - straight line, f/p - water moccasin
Aim: a water moccasin (moderately wounded, poisoned, 38% to hit)
You throw a poisoned dart.
The poisoned dart hits the water moccasin.
The water moccasin is moderately wounded.
The jackal bites you.
* * * LOW HITPOINT WARNING * * *
The water moccasin bites you.
* * * LOW HITPOINT WARNING * * *
You are lethally poisoned!
The water moccasin poisons you!
It was a potion of attraction.
You feel attractive to monsters.
* * * LOW HITPOINT WARNING * * *
You feel very sick. The jackal closely misses you.
The water moccasin barely misses you. The jackal closely misses you.
It was a potion of curing.
You feel better. The water moccasin misses you. The jackal closely misses you.
The water moccasin misses you.
You are too injured to fight recklessly!
You barely miss the water moccasin.
The water moccasin is moderately wounded.
The jackal misses you. The water moccasin bites you.
* * * LOW HITPOINT WARNING * * *
The jackal closely misses you.
You hit the water moccasin.
The water moccasin is heavily wounded.
The water moccasin completely misses you.
The jackal bites you.
You die...

######.#.#
#.#.#............# #..<#
#...#............#
###.#######.##(###.#####
#...........##.# #.###
#######.##.###. #...#
#........ ###.#####
#†.####.. #......
#.##h.## #######
#..@Sg(# #..##..# #.##
S## #.# ## #.# #.# #..
##


You could see a water moccasin (poisoned), a jackal and a goblin.

Vanquished Creatures
  3 adders (D:2)
  A dart slug (D:1)
  3 worms
  2 bats (D:1)
  2 endoplasms (D:1)
  3 goblins
  A hobgoblin (D:3)
  4 quokkas
  4 ball pythons (D:2)
  A frilled lizard (D:2)
  3 kobolds
  A rat (D:1)
28 creatures vanquished.

Notes
Turn   | Place    | Note
-------+----------+-------------------------------------------
     0 | D:1      | YayAnonymity the Draconian Gladiator began the quest for
                  | the Orb.
     0 | D:1      | Reached XP level 1. HP: 17/17 MP: 1/1
   249 | D:1      | Reached XP level 2. HP: 12/24 MP: 2/2
  1260 | D:2      | Reached XP level 3. HP: 29/29 MP: 3/3
  1342 | D:2      | Reached skill level 4 in Long Blades
  1895 | D:3      | Found a large runed translucent door.
  1899 | D:3      | Found a large runed translucent door.
  1979 | D:3      | Found a snail-covered altar of Cheibriados.
  2071 | D:3      | Noticed a water moccasin
  2081 | D:3      | HP: 1/29 [poisoned by a water moccasin]
  2084 | D:3      | Slain by a jackal

Illustrated notes

Levels and vault maps discovered:
D:1:      dpeg_arrival_rooms_c, layout_loops_ring, minmay_box_of_dots
D:2:      layout_rooms, minmay_strange_pillars, grunt_ministairs_15
D:3:      layout_basic, mainiacjoe_overflow_brackets,
          mainiacjoe_overflow_cross_hatched, nicolae_yredelemnul_ghost_church,
          jmf_multi_god_temple2, grunt_decor_arrowhead, minmay_close_crescents,
          uniq_jessica

Skill      XL: |  1  2  3 |
---------------+----------+-----
Dodging        | 3 |  3.3
Long Blades    | 4 |  4.3
Fighting       | |  2.1
Throwing       | |  1.7

Action                   || total
-------------------------++-------
Melee: Long sword        ||   125
       Tailslap          ||    15
Throw: Dart              ||    11
  Use: Potion            ||     2
Armor: Skin              ||    37
Dodge: Dodged            ||   122

Table legend: (Time is in decaauts)
 A = Elapsed time spent in this place.
 B = Non-inter-level travel time spent in this place.
 C = Inter-level travel time spent in this place.
 D = Time resting spent in this place.
 E = Time spent auto-exploring this place.
 F = Levels seen in this place.
 G = Mean time per level.
                   A        B        C        D        E       F      G
               +--------+--------+--------+--------+--------+-----+--------+
         Total |   2112 |   2012 |    100 |      0 |   1646 |   3 |  704.0 |
       Dungeon |   2112 |   2012 |    100 |      0 |   1646 |   3 |  704.0 |
               +--------+--------+--------+--------+--------+-----+--------+

Top non-repeatable levels by time:
     D:1: 1166 daAuts
     D:2: 700 daAuts
     D:3: 245 daAuts
